 Dungeon Crawl Stone Soup version 0.30-a0-142-g7370640ec8 (webtiles) character file.

Game seed: 14117815373032370475

76 qw the Chopper (level 4, -8/28 HPs)
             Began as a Gargoyle Fighter on Sept 26, 2022.
             Mangled by Sigmund
             ... wielding a +0 scythe
              (9 damage)
             ... on level 2 of the Dungeon.
             The game lasted 00:00:40 (1633 turns).

qw the Chopper (Gargoyle Fighter)                   Turns: 1633, Time: 00:00:41

Health: -8/28      AC: 15    Str: 22    XL:     4   Next: 32%
Magic:  4/4        EV:  6    Int:  8    God:
Gold:   47         SH:  4    Dex:  9    Spells: 3/3 levels left

rFire   . . .      SeeInvis .    Y - +0 broad axe
rCold   . . .      Faith    .    c - +0 buckler
rNeg    + . .      Spirit   .    i - +0 plate armour
rPois   inf        Reflect  .    (no helmet)
rElec   +          Harm     .    (no cloak)
rCorr   .          Rampage  .    (no gloves)
Will    .....                    (no boots)
Stlth   ..........               (no amulet)
HPRegen 0.09/turn                (no ring)
MPRegen 0.09/turn                (no ring)

@: no status effects
A: sickness immunity, AC +3, negative energy resistance 1, electricity
resistance, torment resistance 1, petrification resistance
a: no special abilities


You were on level 2 of the Dungeon.
You visited 1 branch of the dungeon, and saw 2 of its levels.

You collected 58 gold pieces.
You spent 11 gold pieces at shops.


Innate Abilities, Weirdness & Mutations

You are immune to sickness and miasma.
Your stone body is resilient. (AC +3)
You are immune to poison.
You resist negative energy. (rN+)
You are resistant to electric shocks. (rElec)
You are resistant to unholy torment.
You are immune to petrification.


   Skills:
 - Level 3.2 Fighting
 + Level 4.0 Axes
 - Level 3.2 Armour
 - Level 3.2 Shields


You had 3 spell levels left.
You didn't know any spells.
Your spell library was empty.

Inventory:

Hand Weapons
 b - a +1 mace of holy wrath
 Y - a +0 broad axe (weapon)
Armour
 c - a +0 buckler (worn)
 i - a +0 plate armour (worn)
Scrolls
 e - a scroll of identify
Potions
 a - a potion of haste
 d - a potion of might
 f - a potion of heal wounds {unknown}

Dungeon Overview and Level Annotations

Branches:
Dungeon (2/15)

Altars:

Shops:
D:1 *   D:2 ?

Annotations:
D:2 Sigmund


Message History

Sigmund is lightly wounded.
Sigmund hits you but does no damage.
You closely miss Sigmund.
Sigmund is lightly wounded.
Sigmund closely misses you.
You barely miss Sigmund.
Sigmund is lightly wounded.
Sigmund gestures at you while chanting.
You are confused.
1623 ||| DRINKING potion of curing.
You feel better.
1623 ||| (to cure confusion) Sigmund is suddenly surrounded by pale blue light.
Sigmund hits you but does no damage.
You closely miss Sigmund.
Sigmund is lightly wounded.
Sigmund hits you but does no damage.
You slash Sigmund!
Sigmund is heavily wounded.
Sigmund hits you but does no damage.
You barely miss Sigmund.
Sigmund is heavily wounded.
Sigmund casts a spell.
Sigmund flickers and vanishes!
Deactivating autopickup; reactivate with Ctrl-A.
You miss something. Something hits you.
You slash something! Something hits you but does no damage.
You hit something but do no damage. Something hits you.
You barely miss something.
You hear some strange, mumbled words.
Something tries to affect you, but you resist.
You hit something but do no damage. Something hits you.
You miss something. Something hits you!
You closely miss something. Something hits you!
You die...

# ##### #$ #####....##
###########.##.........
..........#....#.#$#.#
#########.# #........#
#.# #..#{#.#.# #.#
#<..@%...# #.#
#..#.#.#.# #.#
#........#
#.#...#.#...##
#.#####.#...# . #.#
#.#.### .
..#####.#####.#.# .
..............#$# #
#.#####.#######.# ####


There were no monsters in sight!

Vanquished Creatures
  Terence (D:2)
  A dart slug (D:2)
  5 ball pythons (D:1)
  2 bats
  6 endoplasms
  3 giant cockroaches
  7 goblins
  6 hobgoblins
  2 quokkas
  A frilled lizard (D:1)
  4 kobolds
  5 rats
43 creatures vanquished.

Vanquished Creatures (others)
  6 plants (D:1)
6 creatures vanquished.

Grand Total: 49 creatures vanquished

Notes
Turn   | Place    | Note
-------+----------+-------------------------------------------
     0 | D:1      | qw the Gargoyle Fighter began the quest for the Orb.
     0 | D:1      | Reached XP level 1. HP: 14/14 MP: 1/1
     0 | D:1      | 0 ||| qw: Version: 0.2-a-10-g399e6c4
     0 | D:1      | 0 ||| qw: Game counter: 456
     0 | D:1      | 0 ||| qw: Always use a shield: true
     0 | D:1      | 0 ||| qw: God list: Okawaru
     0 | D:1      | 0 ||| qw: Allow faded altars: false
     0 | D:1      | 0 ||| qw: Do Orc after D:15 true
     0 | D:1      | 0 ||| qw: Do second Lair branch before Depths: true
     0 | D:1      | 0 ||| qw: Lair rune preference: random
     0 | D:1      | 0 ||| qw: Plans: Normal, Zot:1-4, God:TSO, Crypt, Tomb,
                  | Pan, Slime:5, Hells, Abyss, Orb
     0 | D:1      | 0 ||| PLANNING D:1-11
    16 | D:1      | 16 ||| Stepping ~*~*~tactically~*~*~ (stealth).
    21 | D:1      | 21 ||| Stepping ~*~*~tactically~*~*~ (stealth).
    23 | D:1      | 23 ||| Stepping ~*~*~tactically~*~*~ (stealth).
    26 | D:1      | Reached skill level 2 in Axes
   120 | D:1      | Reached XP level 2. HP: 19/19 MP: 2/2
   181 | D:1      | 181 ||| Stepping ~*~*~tactically~*~*~ (stealth).
   227 | D:1      | 227 ||| Stepping ~*~*~tactically~*~*~ (stealth).
   348 | D:1      | Found Emoew's General Store.
   357 | D:1      | 357 ||| BUYING +0 club (11 gold).
   357 | D:1      | Bought a +0 club for 11 gold pieces
   357 | D:1      | 357 ||| SHOPLISTING +0 mace (33 gold, have 12).
   357 | D:1      | 357 ||| SHOPLISTING ring of protection from fire (275 gold,
                  | have 12).
   357 | D:1      | 357 ||| SHOPLISTING scroll of identify (22 gold, have 12).
   357 | D:1      | 357 ||| SHOPLISTING scroll of teleportation (33 gold, have
                  | 12).
   690 | D:1      | Reached skill level 3 in Axes
   700 | D:1      | Reached XP level 3. HP: 21/23 MP: 3/3
   711 | D:1      | 711 ||| Stepping ~*~*~tactically~*~*~ (stealth).
   740 | D:1      | Found a faded altar of an unknown god.
   741 | D:1      | 741 ||| Stepping ~*~*~tactically~*~*~ (stealth).
   792 | D:1      | 792 ||| SWAPPING to +0 broad axe.
   801 | D:1      | 801 ||| DROPPING +0 war axe.
   893 | D:1      | You fall into a shaft and drop 1 floor!
   897 | D:2      | Found Ofeoj's Magic Scroll Shop.
   903 | D:2      | 903 ||| SHOPLISTING scroll of acquirement (676 gold, have
                  | 25).
   903 | D:2      | 903 ||| SHOPLISTING scroll of brand weapon (123 gold, have
                  | 25).
   903 | D:2      | 903 ||| SHOPLISTING scroll of enchant weapon (97 gold, have
                  | 25).
   903 | D:2      | 903 ||| SHOPLISTING scroll of identify (26 gold, have 25).
   953 | D:2      | 953 ||| UPGRADING to +0 chain mail.
  1002 | D:2      | 1002 ||| Stepping ~*~*~tactically~*~*~ (stealth).
  1042 | D:2      | 1042 ||| DROPPING +0 scale mail.
  1043 | D:2      | 1043 ||| UPGRADING to +0 plate armour.
  1053 | D:2      | 1053 ||| DROPPING +0 chain mail.
  1089 | D:2      | 1089 ||| Stepping ~*~*~tactically~*~*~ (stealth).
  1189 | D:2      | 1189 ||| READING scroll labelled CUMPYS PAICIJIELA.
  1190 | D:2      | 1190 ||| READING 3 scrolls labelled CUILOU SIMEU.
  1191 | D:2      | 1191 ||| DRINKING 2 inky potions.
  1233 | D:2      | 1233 ||| DROPPING potion of ambrosia.
  1240 | D:2      | Noticed Terence
  1241 | D:2      | 1241 ||| STAIRDANCE
  1379 | D:1      | 1379 ||| READING 2 scrolls of identify.
  1379 | D:1      | 1379 ||| IDENTIFYING metallic yellow potion
  1380 | D:1      | 1380 ||| DROPPING potion of degeneration.
  1411 | D:2      | Killed Terence
  1412 | D:2      | Reached skill level 4 in Axes
  1412 | D:2      | Reached XP level 4. HP: 26/28 MP: 4/4
  1427 | D:2      | 1427 ||| DROPPING +0 club.
  1604 | D:2      | 1604 ||| DRINKING 2 coppery potions.
  1606 | D:2      | 1606 ||| Stepping ~*~*~tactically~*~*~ (hiding).
  1607 | D:2      | 1607 ||| Stepping ~*~*~tactically~*~*~ (hiding).
  1611 | D:2      | Noticed Sigmund
  1623 | D:2      | 1623 ||| DRINKING potion of curing.
  1623 | D:2      | 1623 ||| (to cure confusion)
  1632 | D:2      | HP: 1/28 [something (7)]
  1633 | D:2      | Mangled by Sigmund

Levels and vault maps discovered:
D:1:      dpeg_arrival_solitude, layout_loops_ring, basic_ecumenical_altar,
          serial_shops, nicolae_shop_temple_entry_statues_fountains,
          serial_bayou_pond_c
D:2:      layout_basic, serial_shops, shop_fountains, serial_glass,
          glass_columns_b, glass_columns_a, glass_columns_a, glass_columns_a,
          glass_columns_a, glass_columns_a, feat_on_display,
          minmay_strange_pillars, uniq_sigmund, uniq_terence

Skill      XL: |  1  2  3 |
---------------+----------+-----
Axes           | 2 3 4 |  4.0
Fighting       | |  3.2
Armour         | |  3.2
Shields        | |  3.2

Action                   |  1- 3 |  4- 6 || total
-------------------------+-------+-------++-------
Melee: War axe           |    62 |       ||    62
       Broad axe         |    46 |    27 ||    73
  Use: Scroll            |     3 |       ||     3
       Potion            |     1 |     2 ||     3
Armor: Scale mail        |    45 |       ||    45
       Plate armour      |    14 |    15 ||    29
       Chain mail        |     4 |       ||     4
       Skin              |     1 |       ||     1
Dodge: Dodged            |    41 |     5 ||    46
Block: Buckler           |    18 |     2 ||    20

Table legend:
 A = Non-vault XP
 B = Vault XP
 C = Vault XP percentage of total XP
 D = Non-vault monster count
 E = Vault monster count
 F = Vault count percentage of total count
                 A         B        C        D         E       F
            +---------+---------+-------+---------+---------+-------
      Total |      73 |      36 |  33.0 |      42 |       1 |   2.3
            +---------+---------+-------+---------+---------+-------
        D:1 |      43 |       0 |   0.0 |      25 |       0 |   0.0
        D:2 |      30 |      36 |  54.5 |      17 |       1 |   5.6
            +---------+---------+-------+---------+---------+-------
